 Dungeon Crawl Stone Soup version 0.31-a0-277-g31ea1f65cc (webtiles) character file.

Game seed: 4747018924814497641

3187 garrulousMonolith the Ruffian (level 9, -14/85 HPs)
             Began as a Troll Shapeshifter on July 16, 2023.
             Was a Believer of Okawaru.
             Demolished by an orc warrior
             ... wielding a +0 broad axe
              (22 damage)
             ... in a bailey.
             The game lasted 00:08:09 (5485 turns).

garrulousMonolith the Ruffian (Troll Shapeshifter)  Turns: 5485, Time: 00:08:09

Health: -14/85     AC:  4    Str: 27    XL:     9   Next: 64%
Magic:  8/10       EV: 11    Int:  6    God:    Okawaru [**....]
Gold:   352        SH: 12    Dex: 10    Spells: 8/8 levels left

rFire   . .          .
                       - Unarmed
rCold   . . .        k - +2 kite shield
rNeg    . . .        a - +0 animal skin
rPois   .            (helmet currently unavailable)
rElec   .            (cloak currently unavailable)
rCorr   +            (gloves unavailable)
SInv    .            (boots unavailable)
Will    .....        r - amulet of the acrobat
Stlth   +++          g - ring of resist corrosion
HPRegen 1.14/turn    (no ring)
MPRegen 0.12/turn

%: acrobat
@: beast-form, heroic, hasted, very quick
A: beast (slay +4), large, unfitting armour, claws 3, regeneration 1, shaggy fur
1, tough skin 1
a: Begin Untransformation, Renounce Religion, Heroism


You were in a bailey.
You worshipped Okawaru.
Okawaru was pleased with you.
You were a hulking beast.
You visited 2 branches of the dungeon, and saw 9 of its levels.
You also visited: Bailey.

You collected 352 gold pieces.

Inventory:

Hand Weapons
 x - a +1 short sword of venom
Missiles
 t - 5 curare-tipped darts
Armour
 a - a +0 animal skin (worn)
 k - a +2 kite shield (worn)
 y - a +0 cloak
Magical Staves
 l - a staff of cold
Jewellery
 g - a ring of resist corrosion (left claw)
 q - a ring of fire
 r - an amulet of the acrobat (around neck)
Talismans
 c - a beast talisman
Wands
 p - a wand of polymorph (18)
 z - a wand of quicksilver (2)
Scrolls
 d - 3 scrolls of vulnerability
 h - a scroll of fog {unknown}
 i - a scroll of revelation {unknown}
 n - a scroll of poison {unknown}
 o - a scroll of blinking {unknown}
 v - 2 scrolls of enchant armour {unknown}
 A - a scroll of immolation {unknown}
 B - a scroll of torment {unknown}
 C - 4 scrolls of enchant weapon
 G - a scroll of fear {unknown}
Potions
 b - a potion of lignification
 e - 3 potions of attraction
 u - a potion of brilliance
 w - a potion of mutation
 E - a potion of enlightenment {unknown}
 F - a potion of resistance {unknown}
 H - a potion of might {unknown}


   Skills:
 + Level 4.5(9.5) Fighting
 - Level 1.0(6.0) Armour
 + Level 4.5(9.5) Dodging
 + Level 4.0(9.0) Shields
 * Level 7.2(12.2) Unarmed Combat
 + Level 3.0 Invocations
 * Level 6.5 Shapeshifting


You had 8 spell levels left.
You didn't know any spells.
Your spell library contained the following spells:

 Spells                   Type           Power      Damage    Failure   Level
 Magic Dart               Conj           0%         1d3       63%         1
 Mephitic Cloud           Conj/Pois/Air  0%         N/A       94%         3
 Summon Small Mammal      Summ           Unusable   N/A       N/A         1
 Call Imp                 Summ           Unusable   N/A       N/A         2
 Call Canine Familiar     Summ           Unusable   N/A       N/A         3
 Summon Guardian Golem    Hex/Summ       Unusable   N/A       N/A         3

Dungeon Overview and Level Annotations

Branches:
Dungeon (8/15)             Temple (1/1) D:4            Lair (0/5) D:8
 Bailey (1/1)

Altars:
Ashenzari
Cheibriados
Dithmenos
Fedhas
Gozag
Hepliaklqana
Kikubaaqudgha
Makhleb
Nemelex Xobeh
Okawaru
Qazlal
Ru
Sif Muna
Uskayaw
Vehumet
Xom
Yredelemnul

Shops:
D:4 *

Annotations:
D:3 2 transporters, pascalblue's ghost, amateur DECj


Innate Abilities, Weirdness & Mutations

You are a hulking beast.
Your limbs bulge with bestial killing power. (Slay +4)
You are too large for most types of armour.
You have claws for hands.
Your natural rate of healing is unusually fast.
You are covered in fur. (AC +1)
You have tough skin. (AC +1)


Message History

The orc warrior hits you with a +0 war axe!
You claw the orc warrior!
The orc warrior is moderately wounded.
You block the orc warrior's attack.
The orc warrior hits you with a +0 war axe!
You scratch the orc warrior.
The orc warrior is moderately wounded.
You block the orc warrior's attack.
The orc warrior hits you with a +0 war axe!
* * * LOW HITPOINT WARNING * * *
Okay, then.
Aiming: Quicksilver Bolt
Press: ? - help, Shift-Dir - straight line The bolt of dispelling energy hits the orc warrior.
The orc warrior is heavily wounded.
The bolt of dispelling energy hits the orc high priest!
The orc high priest is lightly wounded.
You block the orc warrior's attack. The orc warrior closely misses you.
Aiming: Quicksilver Bolt
Press: ? - help, Shift-Dir - straight line The bolt of dispelling energy hits the orc warrior.
The orc warrior is severely wounded.
The bolt of dispelling energy hits the orc high priest!
The orc high priest is moderately wounded.
The orc warrior barely misses you.
The orc warrior hits you with a +0 war axe.
* * * LOW HITPOINT WARNING * * *
Okay, then.
You gain the combat prowess of a mighty hero.
The orc warrior hits you but does no damage.
You block the orc warrior's attack.
The orc high priest utters an invocation to Beogh.
You scratch the orc warrior.
The orc warrior is severely wounded.
You block the orc warrior's attack.
The orc warrior hits you with a +0 war axe!
* * * LOW HITPOINT WARNING * * *
You feel yourself speed up.
The orc warrior hits you with a +0 broad axe!!
You die...

#..#
#.8#
#..#
##'#
#.)#
#..#
#.)#
#..#
#ho#
#o##
#.3o.#
#..3.#
###..#
'...
####~
≈ ≈


You could see an orc high priest, a sun demon (summoned), a smoke demon
(summoned) and 2 orc warriors.

Vanquished Creatures
  An orc knight (Bailey)
  Sigmund (D:3)
  A steam dragon (D:7)
  An ice beast (D:6)
  2 orc warriors (D:7)
  4 black bears
  2 ogres
  2 centaurs
  A kobold brigand (D:8)
  3 bullfrogs
  2 scorpions
  4 wights (D:7)
  2 howler monkeys (D:8)
  3 electric eels (Bailey)
  An orc priest (D:7)
  A hound (D:5)
  4 jellies
  2 gnoll boudas
  Natasha (thrice) (D:4)
  3 iguanas
  2 orc wizards
  8 gnolls
  5 adders
  2 shadow imps
  A white imp (D:6)
  An ufetubus (D:4)
  2 worms
  3 dart slugs
  14 orcs
  5 ball pythons
  6 bats
  7 endoplasms
  4 giant cockroaches
  14 goblins
  10 hobgoblins
  9 jackals
  14 kobolds
  3 quokkas
  5 frilled lizards
  2 rats
160 creatures vanquished.

Vanquished Creatures (others)
  A bat (D:3)
1 creature vanquished.

Grand Total: 161 creatures vanquished

Notes
Turn   | Place    | Note
-------+----------+-------------------------------------------
     0 | D:1      | garrulousMonolith the Troll Shapeshifter began the quest
                  | for the Orb.
     0 | D:1      | Reached XP level 1. HP: 19/19 MP: 0/0
    41 | D:1      | Reached XP level 2. HP: 28/28 MP: 1/1
   195 | D:1      | Reached XP level 3. HP: 35/35 MP: 2/2
   563 | D:1      | Found a faded altar of an unknown god.
  1049 | D:2      | Reached XP level 4. HP: 41/42 MP: 3/3
  1454 | D:3      | Found a transporter.
  1459 | D:3      | Noticed pascalblue's ghost (amateur DECj)
  1540 | D:3      | Noticed Sigmund
  1549 | D:3      | Killed Sigmund
  1550 | D:3      | Reached skill level 1 in Armour
  1550 | D:3      | Reached skill level 1 in Shields
  1550 | D:3      | Reached skill level 3 in Unarmed Combat
  1550 | D:3      | Reached XP level 5. HP: 48/50 MP: 4/4
  1883 | D:3      | Found a transporter.
  2113 | D:4      | Noticed Natasha
  2188 | D:4      | Reached XP level 6. HP: 42/59 MP: 5/5
  2192 | D:4      | Found Nogig's General Store.
  2225 | D:4      | Killed Natasha
  2241 | D:4      | Noticed Natasha
  2251 | D:4      | Killed Natasha
  2252 | D:4      | Reached skill level 4 in Unarmed Combat
  2280 | D:4      | Noticed Natasha
  2283 | D:4      | Killed Natasha
  2284 | D:4      | Reached XP level 7. HP: 66/66 MP: 6/6
  2488 | D:4      | Found a staircase to the Ecumenical Temple.
  2501 | D:4      | Found a shimmering blue altar of Sif Muna.
  2512 | Temple   | Entered the Ecumenical Temple
  2554 | Temple   | Became a worshipper of Warmaster Okawaru
  2723 | D:4      | Found a radiant altar of Vehumet.
  2789 | D:5      | Entered Level 5 of the Dungeon
  3023 | D:5      | Reached skill level 5 in Unarmed Combat
  3085 | D:5      | Reached * piety under Okawaru
  3086 | D:5      | Reached skill level 1 in Invocations
  3086 | D:5      | Reached skill level 5 in Shapeshifting
  3086 | D:5      | Reached XP level 8. HP: 75/75 MP: 7/7
  4274 | D:7      | Reached skill level 6 in Unarmed Combat
  4308 | D:7      | Reached ** piety under Okawaru
  4385 | D:7      | Reached XP level 9. HP: 10/84 MP: 6/9
  4736 | D:7      | Found an opulent altar of Gozag.
  4793 | D:7      | Found a hazy altar of Hepliaklqana.
  4821 | D:7      | Found a hide-covered altar of Uskayaw.
  5094 | D:8      | Found a staircase to the Lair.
  5298 | D:8      | Found a flagged portal.
  5312 | Bailey   | Entered a bailey
  5415 | Bailey   | Noticed an orc knight
  5427 | Bailey   | Killed an orc knight
  5428 | Bailey   | Reached skill level 7 in Unarmed Combat
  5475 | Bailey   | Noticed an orc high priest
  5484 | Bailey   | Noticed a sun demon
  5484 | Bailey   | Noticed a smoke demon
  5485 | Bailey   | Demolished by an orc warrior

Illustrated notes

Levels and vault maps discovered:
D:1:      amcnicky_arrival_single_pillar, layout_loops_cross,
          basic_ecumenical_altar
D:2:      layout_loops_ring
D:3:      layout_basic, gammafunk_ghost_arena, uniq_sigmund
D:4:      nicolae_cairo_tiling, layout_rooms, mainiacjoe_overflow_alcove_2,
          lemuel_round_altar, serial_shops, shop, uniq_natasha
D:5:      layout_gridville, nicolae_concentric_dashed_squares_mild
D:6:      layout_loops_ring
D:7:      layout_cave_pools, marbit_many_paths,
          nicolae_gozag_cash_rules_everything_around_me,
          mainiacjoe_overflow_surrounded_room
D:8:      layout_gridville, mainiacjoe_overflow_six_doors_small,
          trog_antimagical, dpeg_oklobed_lair, enter_bailey_6,
          dk_noncrumbling_2, corner_web_ring
Temple:   nicolae_temple_ecumenical_triangle
Bailey:   bailey_axe_of_yendor_kennysheep, bailey

Skill      XL: |  1  2  3  4  5  6  7  8  9 |
---------------+----------------------------+-----
Dodging        | 2 3 4 |  4.5
Fighting       | 2 3 4 |  4.5
Armour         | 1 |  1.0
Shields        | 1 2 3 4 |  4.0
Unarmed Combat | 3 4 5 6 7 |  7.2
Shapeshifting  | 4 5 6 |  6.5
Invocations    | 1 2 3 |  3.0

Action                     |  1- 3 |  4- 6 |  7- 9 || total
---------------------------+-------+-------+-------++-------
  Melee: Unarmed           |    90 |    77 |   216 ||   383
 Invoke: Heroism           |       |       |     2 ||     2
  Evoke: Wand              |       |       |     4 ||     4
    Use: Scroll            |       |     1 |     7 ||     8
         Potion            |       |       |     7 ||     7
   Stab: Sleeping          |     1 |       |     2 ||     3
 Armour: Animal skin       |    35 |    12 |    29 ||    76
  Dodge: Dodged            |    49 |    33 |    81 ||   163
  Block: Kite shield       |     5 |    36 |   114 ||   155
         Form:             |     1 |       |       ||     1
         Beast             |     1 |       |       ||     1

Table legend: (Time is in decaauts)
 A = Elapsed time spent in this place.
 B = Non-inter-level travel time spent in this place.
 C = Inter-level travel time spent in this place.
 D = Time resting spent in this place.
 E = Time spent auto-exploring this place.
 F = Levels seen in this place.
 G = Mean time per level.
                   A        B        C        D        E       F      G
               +--------+--------+--------+--------+--------+-----+--------+
         Total |   5491 |   5272 |    219 |    355 |   3827 |  10 |  549.1 |
       Dungeon |   5269 |   5057 |    212 |    271 |   3780 |   8 |  658.6 |
        Temple |     49 |     42 |      7 |      0 |     24 |   1 |   49.0 |
        Bailey |    172 |    172 |      0 |     84 |     23 |   1 |  172.0 |
               +--------+--------+--------+--------+--------+-----+--------+

Top non-repeatable levels by time:
     D:3: 811 daAuts
     D:7: 784 daAuts
     D:5: 750 daAuts
     D:2: 685 daAuts
     D:1: 683 daAuts
     D:6: 682 daAuts
     D:4: 570 daAuts
     D:8: 302 daAuts
  Bailey: 172 daAuts
  Temple: 49 daAuts
